[Event "Titled Tuesday Blitz April 12 Early 2022"]
[White "Taspinar, Yanki"]
[Black "Pichot, Alan"]
[WhiteFideId "34561188"]
[BlackFideId "110973"]
[WhiteElo "1518"]
[BlackElo "2579"]
[Result "1/2-1/2"]
[Round "10"]
[TimeControl "180+1"]
[Date "2022.04.12"]
[WhiteClock "0:00:10"]
[BlackClock "0:00:09"]

1. c4 Nf6 2. Nf3 e6 3. d4 d5 4. cxd5 exd5 5. Nc3 c6 6. Bg5 Bf5 7. e3 Nbd7 8. Bd3 Bxd3 9. Qxd3 Bd6 10. O-O O-O 11. h3 h6 12. Bh4 Re8 13. Ne2 Qb6 14. b3 Ne4 15. Nd2 a5 16. Nxe4 Rxe4 17. Bg3 Bf8 18. Nc3 Re6 19. Rac1 Qa6 20. Qxa6 Rxa6 21. Rc2 f5 22. Re1 g5 23. f3 Bb4 24. Bf2 Ra8 25. Ree2 Rae8 26. Nd1 c5 27. Kf1 cxd4 28. exd4 Rxe2 29. Rxe2 Rc8 30. Be1 f4 31. Bxb4 axb4 32. Ke1 Rc1 33. Re7 Nf8 34. Re5 Ng6 35. Rxd5 Rc2 36. Nf2 Nh4 37. Kf1 Rc1+ 38. Ke2 Nxg2 39. Ng4 Rc2+ 40. Kd3 Ne1+ 41. Ke4 Re2+ 42. Kf5 Nxf3 43. Nxh6+ Kg7 44. Ng4 Re7 45. Rd6 Rf7+ 46. Ke4 Ng1 47. Ne5 f3 48. Rg6+ Kh7 49. Nxf7 Kxg6 50. Ne5+ Kf6 51. Nxf3 Nxh3 52. d5 g4 53. Nh4 Kg5 54. Ng2 Kf6 55. Ne3 g3 56. Kf3 Ke5 57. Kxg3 Ng5 58. Kf2 Kd4 59. d6 Ne4+ 60. Ke2 Nxd6 61. Nc2+ Kc3 62. Ne3 Kb2 63. Nd5 Kxa2 64. Nxb4+ Kxb3 65. Nd5 Kc4 66. Nb6+ Kc5 67. Nd7+ Kc6 68. Ne5+ Kd5 69. Nd3 b5 70. Kd2 Kd4 71. Kc2 Kc4 72. Nb2+ Kb4 73. Nd3+ Ka3 74. Kc3 Ne4+ 75. Kd4 Nd2 76. Kc5 Ka4 77. Nb2+ Ka5 78. Nd3 Nb3+ 79. Kc6 Nd4+ 80. Kc5 Ne6+ 81. Kd5 Ng5 82. Kc5 Ne4+ 83. Kd4 Nd2 84. Kc3 Nc4 85. Kb3 Nb6 86. Nb4 Nd7 87. Nc6+ Kb6 88. Nd4 Nc5+ 89. Kc3 Na6 90. Nxb5 1/2-1/2


[Site "https://www.chess.com"]

[Event "Titled Tuesday Blitz April 12 Early 2022"]
[White "Timofeev, Artyom"]
[Black "Andreikin, Dmitry"]
[WhiteFideId "4140419"]
[BlackFideId "4158814"]
[WhiteElo "2594"]
[BlackElo "2736"]
[Result "1-0"]
[Round "10"]
[TimeControl "180+1"]
[Date "2022.04.12"]
[WhiteClock "0:01:19"]
[BlackClock "0:01:41"]

1. e4 c5 2. Nf3 d6 3. Bc4 e6 4. O-O Nc6 5. Re1 g5 6. d4 g4 7. d5 gxf3 8. dxc6 fxg2 9. Bb5 bxc6 10. Bxc6+ Bd7 11. Bxa8 Qxa8 12. Nc3 Bc6 13. Bf4 Qd8 14. Qe2 Ne7 15. Bg5 Rg8 16. Qh5 Qb8 17. Rad1 Qxb2 18. Bf6 Ng6 19. Rb1 Qxc2 20. Qxh7 Ne7 21. Rb8+ Kd7 22. Qxf7 Qd2 23. Qe8+ Kc7 24. Qd8# 1-0


[Site "https://www.chess.com"]

[Event "Titled Tuesday Blitz April 12 Early 2022"]
[White "Tuleyeva-Aketayeva, Dana"]
[Black "Cagara, Paulina"]
[WhiteFideId "13701932"]
[BlackFideId "1124870"]
[WhiteElo "1875"]
[BlackElo "1780"]
[Result "0-1"]
[Round "10"]
[TimeControl "180+1"]
[Date "2022.04.13"]
[WhiteClock "0:00:01"]
[BlackClock "0:00:32"]

1. d4 f5 2. Nf3 Nf6 3. g3 g6 4. Bg2 Bg7 5. O-O d6 6. c4 O-O 7. Nc3 Qe8 8. Nb5 Na6 9. a3 c6 10. Nc3 e6 11. b4 Nc7 12. Bf4 Qe7 13. c5 dxc5 14. bxc5 Nfe8 15. e3 h6 16. Be5 Nd5 17. Nxd5 exd5 18. a4 a6 19. Qb3 g5 20. Bxg7 Kxg7 21. Ne5 Nf6 22. a5 f4 23. Qd3 Qe8 24. Rae1 fxg3 25. hxg3 Ng4 26. Nxg4 Bxg4 27. e4 Qg6 28. Qb1 dxe4 29. Bxe4 Qh5 30. Qxb7+ Qf7 31. Qxf7+ Rxf7 32. Bxc6 Raf8 33. Bg2 Bf5 34. Re3 Rc8 35. c6 h5 36. d5 Rf6 37. Rd1 Rd6 38. Re7+ Kf6 39. Rb7 h4 40. Kh2 hxg3+ 41. Kxg3 Bc2 42. Rc1 Bf5 43. c7 Ke5 44. Rb8 Kd4 45. Rc6 Rxc6 46. Rxc8 Rc3+ 47. Kh2 Bxc8 48. d6 Ke5 49. d7 Bxd7 50. Bf1 Rxc7 51. Bxa6 Ra7 52. Be2 Rxa5 0-1


[Site "https://www.chess.com"]

[Event "Titled Tuesday Blitz April 12 Early 2022"]
[White "Vokarev, Sergey"]
[Black "Xu, Yi"]
[WhiteFideId "4119711"]
[BlackFideId "8605564"]
[WhiteElo "2343"]
[BlackElo "2471"]
[Result "0-1"]
[Round "10"]
[TimeControl "180+1"]
[Date "2022.04.12"]
[WhiteClock "0:00:03"]
[BlackClock "0:00:18"]

1. e4 c5 2. Nf3 d6 3. d4 cxd4 4. Qxd4 Nf6 5. Be2 Nc6 6. Qe3 e5 7. O-O Be7 8. Rd1 O-O 9. h3 Be6 10. c4 Nd7 11. Nc3 f5 12. exf5 Bxf5 13. Bd3 Nc5 14. Bxf5 Rxf5 15. Ne4 Qf8 16. b3 Ne6 17. Qd3 Ned4 18. Nxd4 exd4 19. Bb2 Rd8 20. Bxd4 d5 21. Ng3 Nxd4 22. Qxd4 Rxf2 23. Qg4 dxc4 24. Qxc4+ Kh8 25. Rxd8 Bxd8 26. Ne4 Rf7 27. b4 h6 28. Rf1 Rxf1+ 29. Qxf1 Qxb4 30. Qf5 Qb1+ 31. Kf2 Qxa2+ 32. Kg3 Bc7+ 33. Kf3 Qb3+ 34. Kg4 Qg8 35. h4 a5 36. h5 a4 37. Qb5 Qe6+ 38. Kf3 Qb3+ 39. Qxb3 axb3 40. Ke2 b2 41. Nd2 Be5 42. Kd3 Bf6 0-1


[Site "https://www.chess.com"]

[Event "Titled Tuesday Blitz April 12 Early 2022"]
[White "Yanayt, Eugene"]
[Black "Nozdrachev, Leonid"]
[WhiteFideId "2020165"]
[BlackFideId "24113433"]
[WhiteElo "2046"]
[BlackElo "2242"]
[Result "0-1"]
[Round "10"]
[TimeControl "180+1"]
[Date "2022.04.13"]
[WhiteClock "0:00:16"]
[BlackClock "0:01:55"]

1. d4 Nf6 2. c4 e5 3. dxe5 Ng4 4. Nf3 Bc5 5. e3 Nc6 6. Qd5 Qe7 7. b3 Nb4 8. Qd2 Nxe5 9. Nxe5 Qxe5 10. Bb2 Qf5 11. Na3 d6 12. Be2 Bd7 13. O-O Bc6 14. Kh1 O-O-O 15. f3 h5 16. e4 Qg6 17. Nb5 h4 18. Nd4 h3 19. g3 Rde8 20. Nxc6 Nxc6 21. Bd3 Ne5 22. Be2 f5 23. exf5 Qxf5 24. f4 Qe4+ 25. Bf3 Nxf3 0-1


[Site "https://www.chess.com"]

[Event "Titled Tuesday Blitz April 12 Early 2022"]
[White "Yang, Kaiqi"]
[Black "Suarez Uriel, Adrian"]
[WhiteFideId "8604398"]
[BlackFideId "22230874"]
[WhiteElo "2373"]
[BlackElo "2316"]
[Result "1-0"]
[Round "10"]
[TimeControl "180+1"]
[Date "2022.04.13"]
[WhiteClock "0:00:12"]
[BlackClock "0:00:42"]

1. e4 c5 2. Nf3 Nc6 3. Bb5 g6 4. O-O Bg7 5. c3 Nf6 6. d4 cxd4 7. cxd4 Nxe4 8. d5 Nd6 9. Ba4 Nb8 10. Nc3 O-O 11. Bf4 a6 12. Re1 b5 13. Bb3 Nc4 14. Bxc4 bxc4 15. Qe2 Re8 16. Qxc4 d6 17. Nd4 Bd7 18. Rad1 Ra7 19. Qe2 Rc7 20. Bg5 Qc8 21. Qe3 Bg4 22. Rd2 a5 23. h3 Bd7 24. Bh6 Na6 25. Bxg7 Kxg7 26. Qg5 Nc5 27. h4 h6 28. Qg3 Bf5 29. h5 g5 30. Rde2 Bg4 31. Re3 Bxh5 32. Ncb5 Rb7 33. Nxd6 exd6 34. Rxe8 Qd7 35. R1e7 Qxe7 36. Nf5+ Kf6 37. Nxe7 Rxe7 38. Qxd6+ 1-0


[Site "https://www.chess.com"]

[Event "Titled Tuesday Blitz April 12 Early 2022"]
[White "Zhu, Jiner"]
[Black "Kazakouski, Valery"]
[WhiteFideId "8608059"]
[BlackFideId "13507443"]
[WhiteElo "2281"]
[BlackElo "2524"]
[Result "1/2-1/2"]
[Round "10"]
[TimeControl "180+1"]
[Date "2022.04.12"]
[WhiteClock "0:00:06"]
[BlackClock "0:00:58"]

1. e4 c5 2. Nf3 a6 3. Nc3 e6 4. d4 b5 5. dxc5 Bxc5 6. Bd3 Nc6 7. O-O Bb7 8. Qe2 Nge7 9. Be3 Qb6 10. Bxc5 Qxc5 11. e5 Nd4 12. Nxd4 Qxd4 13. Rad1 Qf4 14. Be4 Nc6 15. g3 Qxe5 16. Bxc6 Qxe2 17. Bxd7+ Ke7 18. Nxe2 Rhd8 19. Bxe6 fxe6 20. f4 Bd5 21. a3 Bc4 22. Kf2 Rac8 23. c3 e5 24. fxe5 Rf8+ 25. Ke3 Rxf1 26. Rxf1 Rc5 27. Rf2 Rxe5+ 28. Kd2 a5 29. Nd4 Rd5 30. Rf5 Rxf5 31. Nxf5+ Kf6 32. Nd6 a4 33. Ke3 Ke5 34. Nxc4+ bxc4 35. Kf3 Kf5 36. h3 Ke5 37. Ke3 g5 38. Kf3 Kf5 39. Ke3 Ke5 40. Kf3 Kf5 41. Ke3 Ke5 1/2-1/2


[Site "https://www.chess.com"]

[Event "Titled Tuesday Blitz April 12 Early 2022"]
[White "Zia, Tahsin Tajwar"]
[Black "Dronavalli, Harika"]
[WhiteFideId "10211888"]
[BlackFideId "5015197"]
[WhiteElo "1800"]
[BlackElo "2382"]
[Result "0-1"]
[Round "10"]
[TimeControl "180+1"]
[Date "2022.04.13"]
[WhiteClock "0:00:22"]
[BlackClock "0:00:46"]

1. d4 Nf6 2. c4 g6 3. g3 Bg7 4. Bg2 O-O 5. Nc3 d6 6. Nf3 Nbd7 7. O-O e5 8. e4 exd4 9. Nxd4 Nc5 10. h3 Re8 11. Re1 Bd7 12. Bf4 h6 13. Qd2 g5 14. Be3 Nfxe4 15. Nxe4 Nxe4 16. Qb4 c5 17. Qxb7 cxd4 18. Bxe4 Rb8 19. Qd5 Be6 20. Qc6 dxe3 21. Rxe3 Bd4 22. Rd3 Qf6 23. Rf3 Qe5 24. Re1 Kg7 25. Re2 Rbc8 26. Qb7 Bxc4 27. Bd3 Bd5 28. Rxf7+ Bxf7 29. Rxe5 dxe5 30. Be4 Rb8 31. Qd7 Re6 32. b3 Rf6 33. Bf5 Rbb6 34. g4 Rbc6 35. Kg2 Ra6 36. a4 Rab6 37. Qxa7 Rxb3 38. Qc7 Rb2 39. a5 Rxf2+ 40. Kg3 Ra2 41. Kf3 Ra3+ 42. Kg2 Bc3 43. a6 Bd4 44. Qb7 Raxa6 45. Qc7 Rac6 46. Qb7 Rb6 47. Qc7 Rfc6 48. Qd7 Rb2+ 49. Kf3 Rc3+ 50. Ke4 Re3# 0-1


[Site "https://www.chess.com"]

[Event "Titled Tuesday Blitz April 12 Early 2022"]
[White "Aaditya Dhingra"]
[Black "Sadilek, Peter"]
[WhiteFideId "25678191"]
[BlackFideId "1616439"]
[WhiteElo "1849"]
[BlackElo "2145"]
[Result "1-0"]
[Round "11"]
[TimeControl "180+1"]
[Date "2022.04.13"]
[WhiteClock "0:01:22"]
[BlackClock "0:00:40"]

1. d4 Nf6 2. c4 g6 3. Nc3 Bg7 4. e4 O-O 5. Nf3 d6 6. Be2 Bg4 7. O-O e5 8. d5 Nbd7 9. Ne1 Bxe2 10. Qxe2 Kh8 11. Nd3 b6 12. Rb1 a5 13. b3 Qe7 14. a3 Nc5 15. b4 axb4 16. axb4 Na4 17. Bd2 Nxc3 18. Bxc3 Nh5 19. c5 f5 20. Ra1 Rxa1 21. Rxa1 bxc5 22. bxc5 fxe4 23. Qxe4 Nf6 24. Qc4 Qf7 25. cxd6 cxd6 26. Ra5 e4 27. Nf4 Nxd5 28. Bxg7+ Kxg7 29. Qd4+ Nf6 30. Ra7 1-0


[Site "https://www.chess.com"]

[Event "Titled Tuesday Blitz April 12 Early 2022"]
[White "Allahverdiyeva, Ayan"]
[Black "Uzuner, Tufan Can"]
[WhiteFideId "13412590"]
[BlackFideId "6300499"]
[WhiteElo "1910"]
[BlackElo "2214"]
[Result "1-0"]
[Round "11"]
[TimeControl "180+1"]
[Date "2022.04.13"]
[WhiteClock "0:00:30"]
[BlackClock "0:00:29"]

1. e4 c6 2. d4 d5 3. e5 Bf5 4. Nf3 e6 5. Be2 Nd7 6. O-O h6 7. a4 a5 8. c3 Ne7 9. Na3 g5 10. Nc2 Bg7 11. Ne3 Bg6 12. b4 O-O 13. Ba3 f6 14. exf6 Bxf6 15. Ng4 Bg7 16. b5 Bh5 17. Nge5 Nxe5 18. Nxe5 Bxe2 19. Qxe2 Rf5 20. bxc6 bxc6 21. Rae1 Bxe5 22. dxe5 Ng6 23. Bd6 Ra7 24. Rb1 Kh7 25. Rb8 Qd7 26. Rfb1 Qf7 27. Qe3 Rd7 28. Ra8 Nf4 29. Rbb8 Ng6 30. h3 Qg7 31. Qc5 Nxe5 32. Rh8+ Qxh8 33. Rxh8+ Kxh8 34. Bxe5+ Rxe5 35. Qd4 Kh7 36. Qxe5 Re7 37. Qd6 Rf7 38. Qxc6 e5 39. Qxd5 Re7 40. Qd6 Rb7 41. Qxe5 Rb1+ 42. Kh2 Rb2 43. Qxa5 Rxf2 44. Qc7+ Kg6 45. Qb6+ Kh5 46. Qxf2 g4 47. Qf5+ Kh4 48. Qxg4# 1-0


[Site "https://www.chess.com"]

[Event "Titled Tuesday Blitz April 12 Early 2022"]
[White "Andreikin, Dmitry"]
[Black "Lianes Garcia, Marcos"]
[WhiteFideId "4158814"]
[BlackFideId "32060777"]
[WhiteElo "2736"]
[BlackElo "2310"]
[Result "1-0"]
[Round "11"]
[TimeControl "180+1"]
[Date "2022.04.12"]
[WhiteClock "0:01:00"]
[BlackClock "0:00:04"]

1. d4 g6 2. c4 Bg7 3. Nc3 c5 4. d5 d6 5. e4 e5 6. h4 h6 7. h5 g5 8. g4 Ne7 9. f3 O-O 10. Nge2 Na6 11. Ng3 Nc7 12. a3 a5 13. Be3 b6 14. Bd3 Bd7 15. Qe2 f6 16. Kf2 Qb8 17. Rhb1 Qb7 18. b3 Rfb8 19. Nb5 Nxb5 20. cxb5 Qc8 21. Rc1 Qe8 22. Qb2 Bxb5 23. Bc4 Bd7 24. a4 Kh7 25. Qe2 Bf8 26. Bb5 Bxb5 27. axb5 Nc8 28. Nf5 Na7 29. Qc4 Qxb5 30. Ke2 Qd7 31. Ra2 Nc8 32. Rca1 Be7 33. Bd2 Bd8 34. Qd3 Ne7 35. Ne3 Qb7 36. Nc4 Nc8 37. Kd1 Kg7 38. Kc2 Be7 39. Ne3 Bf8 40. Qb5 Kf7 41. Nf5 Na7 42. Qa4 Rd8 43. Kd1 Qd7 44. Qxd7+ Rxd7 45. Bxa5 Nb5 46. Bd2 Rxa2 47. Rxa2 Ra7 48. Ra4 Ke8 49. Kc2 Kd7 50. Kd3 Kc8 51. Rxa7 Nxa7 52. b4 Kb7 53. bxc5 bxc5 54. Ba5 Kc8 55. Kc4 Kd7 56. Ne3 Be7 57. Bb6 Nc8 58. Kb5 Nxb6 59. Kxb6 Bd8+ 60. Kb7 Be7 61. Nc4 Bf8 62. Nb6+ Kd8 63. Kc6 Be7 64. Nc4 Bf8 65. Ne3 Be7 66. Kb5 Kc7 67. Nf5 Bf8 68. Ng3 Kb7 69. Ne2 Kc7 70. Nc3 Kb7 71. Na4 Kc7 72. Ka6 Be7 73. Nc3 Bf8 74. Nb5+ Kd7 75. Na7 Be7 76. Kb5 Bf8 77. Nc6 Be7 78. Na5 Bd8 79. Nc4 Be7 80. Kb6 Bf8 81. Kb7 Be7 82. Nb6+ Kd8 83. Kc6 Bf8 84. Nc4 Be7 85. Ne3 Bf8 86. Nf5 Kc8 87. Nxd6+ Bxd6 88. Kxd6 c4 89. Ke7 c3 90. d6 c2 91. d7+ Kb7 92. d8=Q c1=Q 93. Qd7+ Ka8 94. Kf7 Qc3 95. Qf5 Kb7 96. Kg6 1-0


[Site "https://www.chess.com"]

[Event "Titled Tuesday Blitz April 12 Early 2022"]
[White "Araujo Filho, Luiz Antonio Coel"]
[Black "Kadam, Om Manish"]
[WhiteFideId "2130661"]
[BlackFideId "45076294"]
[WhiteElo "2346"]
[BlackElo "1729"]
[Result "0-1"]
[Round "11"]
[TimeControl "180+1"]
[Date "2022.04.13"]
[WhiteClock "0:00:14"]
[BlackClock "0:01:22"]

1. d4 Nf6 2. Nf3 g6 3. c4 Bg7 4. Nc3 d5 5. cxd5 Nxd5 6. e4 Nxc3 7. bxc3 O-O 8. Be2 c5 9. O-O cxd4 10. cxd4 Nc6 11. Be3 Bg4 12. e5 Qa5 13. Qb3 Rab8 14. h3 Be6 15. Qb2 Rfd8 16. a3 b5 17. Rac1 Bd5 18. Nd2 b4 19. axb4 Rxb4 20. Qc3 Qb6 21. Rb1 a5 22. Rxb4 axb4 23. Qb2 Be6 24. Nf3 Bd5 25. Rd1 b3 26. Nd2 Qb4 27. Rc1 Na5 28. Rc7 Qb6 29. Rc3 e6 30. Bf3 Bf8 31. Bxd5 exd5 32. Nxb3 Rb8 0-1


[Site "https://www.chess.com"]

[Event "Titled Tuesday Blitz April 12 Early 2022"]
[White "Artemenko, Oleg"]
[Black "Pakleza, Zbigniew"]
[WhiteFideId "14201798"]
[BlackFideId "1119290"]
[WhiteElo "2287"]
[BlackElo "2467"]
[Result "1-0"]
[Round "11"]
[TimeControl "180+1"]
[Date "2022.04.12"]
[WhiteClock "0:00:47"]
[BlackClock "0:00:09"]

1. d4 d6 2. Nc3 e5 3. Nf3 Nd7 4. e4 Ngf6 5. Bc4 Be7 6. Ng5 O-O 7. Bxf7+ Rxf7 8. Ne6 Qe8 9. Nxc7 Qd8 10. Nxa8 b6 11. O-O Bb7 12. dxe5 Nxe5 13. f3 Qxa8 14. Bf4 h6 15. Ne2 Ba6 16. b3 Nfd7 17. c4 b5 18. cxb5 Bxb5 19. Be3 Nc5 20. a4 Ba6 21. b4 Ne6 22. b5 Bb7 23. Nc3 Nf4 24. Bxf4 Rxf4 25. Rc1 Kh7 26. Ne2 Rf6 27. a5 Qe8 28. Rc7 Bc8 29. Qa4 Bd7 30. Nd4 a6 31. Rb1 axb5 32. Nxb5 Qg6 33. Kh1 d5 34. Re1 Nd3 35. Rf1 dxe4 36. Rxd7 Bc5 37. Rxd3 exd3 38. Qc4 Be3 39. Rd1 d2 40. Qe2 Bg5 41. Nc3 Rc6 42. Ne4 Rc1 43. Nxd2 1-0


[Site "https://www.chess.com"]

[Event "Titled Tuesday Blitz April 12 Early 2022"]
[White "Atakhan, Abtin"]
[Black "Pajeken, Jakob Leon"]
[WhiteFideId "22502203"]
[BlackFideId "12942839"]
[WhiteElo "2094"]
[BlackElo "2351"]
[Result "1-0"]
[Round "11"]
[TimeControl "180+1"]
[Date "2022.04.12"]
[WhiteClock "0:00:03"]
[BlackClock "0:00:04"]

1. c4 e6 2. g3 d5 3. Bg2 Nf6 4. Nf3 d4 5. O-O c5 6. e3 Nc6 7. exd4 cxd4 8. Re1 Bd6 9. d3 h6 10. a3 a5 11. Qc2 Qe7 12. Nbd2 a4 13. b4 axb3 14. Nxb3 Bc5 15. Nxc5 Qxc5 16. Bd2 Bd7 17. Bb4 Qa7 18. Bd6 h5 19. Rab1 h4 20. Nxh4 g5 21. Nf5 Kd8 22. Qd2 Rg8 23. Nh6 Rg7 24. Bf8 Rg6 25. Nxf7+ Ke8 26. Rxb7 Qa5 27. Bb4 Qa6 28. Nd6+ Kf8 29. Bc5 Kg8 30. Rb6 Qa4 31. Rb7 Qa6 32. Rb6 Qa4 33. Qe2 g4 34. Bxc6 Bxc6 35. Qxe6+ Kh7 36. Nf5 Nh5 37. Qf7+ Ng7 38. Nxg7 Rxg7 39. Qh5+ Kg8 40. Qe5 Bf3 41. Qe6+ Kh7 42. Qh6+ Kg8 43. Bxd4 Qd7 44. Rd6 Qe7 45. Rxe7 Rxe7 46. Qh8+ Kf7 47. Rf6# 1-0


[Site "https://www.chess.com"]

[Event "Titled Tuesday Blitz April 12 Early 2022"]
[White "Avazkhonov, Alikhon"]
[Black "Mikhalsky, Vladimir"]
[WhiteFideId "14208504"]
[BlackFideId "14144352"]
[WhiteElo "1739"]
[BlackElo "2301"]
[Result "0-1"]
[Round "11"]
[TimeControl "180+1"]
[Date "2022.04.13"]
[WhiteClock "0:00:04"]
[BlackClock "0:01:41"]

1. e4 g6 2. d4 Bg7 3. Nc3 d6 4. Be3 a6 5. Qd2 b5 6. O-O-O Nd7 7. Kb1 Bb7 8. f3 Nb6 9. d5 b4 10. Nce2 Nc4 11. Qd3 Nxb2 12. Qd2 Nxd1 13. Qxd1 c5 14. dxc6 Bxc6 15. Nd4 Bd7 16. Bc4 Nf6 17. Nge2 Qc7 18. Qd3 O-O 19. h4 Rfc8 20. Bb3 e5 21. h5 exd4 22. Nxd4 Nxh5 23. Rxh5 gxh5 24. Bf4 Qc3 25. Qxc3 bxc3 26. Ne2 Be6 0-1


[Site "https://www.chess.com"]

[Event "Titled Tuesday Blitz April 12 Early 2022"]
[White "Bachmann, Axel"]
[Black "parintele_chess"]
[WhiteFideId "3700488"]
[WhiteElo "2587"]
[BlackElo "2264"]
[Result "1-0"]
[Round "11"]
[TimeControl "180+1"]
[Date "2022.04.13"]
[WhiteClock "0:00:16"]
[BlackClock "0:00:03"]

1. d4 d5 2. Nf3 Nf6 3. g3 g6 4. Bg2 Bg7 5. c4 c6 6. Qb3 O-O 7. Nc3 dxc4 8. Qxc4 Nbd7 9. O-O Nb6 10. Qd3 Nbd5 11. e4 Nxc3 12. bxc3 c5 13. Rd1 Qa5 14. Ne5 Rd8 15. Be3 b6 16. Nc6 Ba6 17. Qd2 Qa3 18. e5 Ng4 19. Bg5 f6 20. Nxe7+ Kf7 21. exf6 Nxf6 22. Bxa8 Rxa8 23. Nc6 Re8 24. Ne5+ Kg8 25. Qf4 Rf8 26. Qf3 Nh5 27. Qd5+ Kh8 28. Nf7+ Rxf7 29. Qxf7 h6 30. Re1 1-0


[Site "https://www.chess.com"]

[Event "Titled Tuesday Blitz April 12 Early 2022"]
[White "Barria Zuniga, Daniel"]
[Black "Namitbir Singh Walia"]
[WhiteFideId "3400816"]
[BlackFideId "35071068"]
[WhiteElo "2414"]
[BlackElo "1565"]
[Result "1-0"]
[Round "11"]
[TimeControl "180+1"]
[Date "2022.04.13"]
[WhiteClock "0:01:41"]
[BlackClock "0:00:08"]

1. d4 d5 2. c4 c6 3. Nf3 Nf6 4. Nc3 e6 5. Bg5 dxc4 6. e4 b5 7. a4 Qb6 8. Bxf6 gxf6 9. Be2 Nd7 10. O-O Bb7 11. Qd2 Bb4 12. Rfd1 Rg8 13. Bf1 O-O-O 14. Qh6 Rh8 15. Qg7 Rdf8 16. g3 a6 17. Bh3 Kb8 18. d5 Bxc3 19. bxc3 cxd5 20. exd5 Rhg8 21. Qh6 Nc5 22. Qxf6 Nd3 23. Ne5 Nc5 24. axb5 axb5 25. Qe7 Re8 26. Qxc5 Qxc5 27. Nd7+ Kc7 28. Nxc5 1-0


[Site "https://www.chess.com"]

[Event "Titled Tuesday Blitz April 12 Early 2022"]
[White "Bas Mas, Jose Joaquin"]
[Black "Wagner, Dinara"]
[WhiteFideId "22219064"]
[BlackFideId "24157570"]
[WhiteElo "2212"]
[BlackElo "2216"]
[Result "0-1"]
[Round "11"]
[TimeControl "180+1"]
[Date "2022.04.13"]
[WhiteClock "0:01:35"]
[BlackClock "0:01:44"]

1. e4 c5 2. Nf3 d6 3. d4 cxd4 4. Nxd4 Nf6 5. Nc3 a6 6. h3 e6 7. g4 h6 8. Bg2 Nbd7 9. O-O g5 10. Re1 Ne5 11. Be3 b5 12. a4 b4 13. Nd5 exd5 14. exd5 Qc7 15. Nc6 Be7 16. Bd4 Nxc6 17. Bxf6 O-O 18. Rxe7 Nxe7 19. h4 Ng6 20. hxg5 Qc4 21. gxh6 Qxg4 22. Qd3 Qxg2+ 23. Kxg2 Nf4+ 24. Kf3 Nxd3 25. cxd3 Kh7 26. Rg1 Bf5 27. Kf4 Bg6 0-1


[Site "https://www.chess.com"]

[Event "Titled Tuesday Blitz April 12 Early 2022"]
[White "Belenkaya, Dina"]
[Black "Roman, Rodrigo"]
[WhiteFideId "24142654"]
[BlackFideId "3701220"]
[WhiteElo "2196"]
[BlackElo "2001"]
[Result "1-0"]
[Round "11"]
[TimeControl "180+1"]
[Date "2022.04.13"]
[WhiteClock "0:00:15"]
[BlackClock "0:00:54"]

1. e4 e6 2. d3 d5 3. Nd2 Nf6 4. g3 b6 5. Bg2 Bb7 6. Ne2 Be7 7. O-O dxe4 8. dxe4 O-O 9. c3 c5 10. Qc2 Nc6 11. Rd1 Qc7 12. f4 Rad8 13. b3 e5 14. Bb2 Bd6 15. Nc4 exf4 16. Nxd6 Rxd6 17. gxf4 Rxd1+ 18. Rxd1 Rd8 19. Re1 Ng4 20. Qc1 Ne7 21. c4 Ng6 22. h3 Nf6 23. f5 Ne5 24. Nf4 Nd3 25. Nxd3 Rxd3 26. Qg5 Ne8 27. e5 Bxg2 28. Qxg2 Qd7 29. e6 fxe6 30. Rxe6 Rd1+ 31. Kh2 Rd2 32. Rxe8+ Kf7 33. Re2 Qd6+ 34. Be5 Rxe2 35. Qxe2 Qe7 36. Qe4 Kg8 37. Qd5+ Kh8 38. Qa8+ Qf8 39. Qxf8# 1-0


[Site "https://www.chess.com"]

[Event "Titled Tuesday Blitz April 12 Early 2022"]
[White "Blokhin, Sofia"]
[Black "Tuleyeva-Aketayeva, Dana"]
[WhiteFideId "4508190"]
[BlackFideId "13701932"]
[WhiteElo "1764"]
[BlackElo "1875"]
[Result "1-0"]
[Round "11"]
[TimeControl "180+1"]
[Date "2022.04.13"]
[WhiteClock "0:00:22"]
[BlackClock "0:00:06"]

1. d4 Nf6 2. c4 e6 3. Nc3 c5 4. d5 exd5 5. cxd5 d6 6. e4 g6 7. Nf3 Bg7 8. Be2 O-O 9. O-O Ne8 10. Bf4 Nd7 11. Nd2 Ne5 12. Bg3 a6 13. f4 Nd7 14. a4 Bd4+ 15. Kh1 Ndf6 16. Bc4 Bxc3 17. bxc3 Nh5 18. Be1 Nef6 19. Qf3 Bg4 20. Qd3 Rb8 21. Bh4 Qe8 22. a5 Bd7 23. Rae1 Bb5 24. e5 Bxc4 25. Nxc4 dxe5 26. fxe5 Ng4 27. Qe4 Nh6 28. Nd6 Qd7 29. Bg5 Kg7 30. Qe3 Ng4 31. Qe4 h6 32. Bd2 f5 33. exf6+ Ngxf6 34. Qe7+ Qxe7 35. Rxe7+ Kh8 36. Nf7+ 1-0


[Site "https://www.chess.com"]

[Event "Titled Tuesday Blitz April 12 Early 2022"]
[White "Bluebaum, Matthias"]
[Black "Bortnyk, Olexandr"]
[WhiteFideId "24651516"]
[BlackFideId "14120828"]
[WhiteElo "2550"]
[BlackElo "2723"]
[Result "1-0"]
[Round "11"]
[TimeControl "180+1"]
[Date "2022.04.12"]
[WhiteClock "0:00:47"]
[BlackClock "0:00:08"]

1. d4 d6 2. Nf3 Nf6 3. c4 g6 4. Nc3 Bf5 5. d5 Bg7 6. Nd4 Bd7 7. e4 O-O 8. Be2 c5 9. Nc2 e6 10. Bf4 exd5 11. exd5 Qb6 12. b3 Nh5 13. Bd2 Nf4 14. Bxf4 Bxc3+ 15. Bd2 Qa5 16. Bxc3 Qxc3+ 17. Qd2 Qxd2+ 18. Kxd2 Na6 19. Bd3 Nc7 20. a4 b6 21. h4 h6 22. f3 Kg7 23. g4 Rfe8 24. h5 g5 25. Ne3 Re5 26. Bf5 Be8 27. Rhe1 Rd8 28. Nc2 f6 29. Re2 a6 30. Rae1 Rb8 31. Bd3 Bd7 32. Ne3 b5 33. a5 bxc4 34. bxc4 Rb3 35. Ra1 Rb2+ 36. Bc2 Ne8 37. Kc3 Rb7 38. Rb1 Rxb1 39. Bxb1 Nc7 40. Bf5 Ba4 41. Be4 Bd7 42. Rb2 Bb5 43. Nf5+ Kf7 44. Nxd6+ Ke7 45. Nxb5 axb5 46. cxb5 Kd6 47. Kc4 Re8 48. b6 Na6 49. Kb5 Nb4 50. a6 Ra8 51. b7 Rb8 52. Rxb4 cxb4 53. Kb6 b3 54. a7 Rxb7+ 55. Kxb7 b2 56. a8=Q f5 57. Qd8+ Ke5 58. Qh8+ Kf4 59. Qxb2 fxe4 60. fxe4 Kg3 61. d6 Kh4 62. d7 Kg3 63. d8=Q Kh4 64. Qd7 Kg3 65. Qe6 Kh4 66. Qh2# 1-0


[Site "https://www.chess.com"]

[Event "Titled Tuesday Blitz April 12 Early 2022"]
[White "Bowden, Karl"]
[Black "Steil-Antoni, Fiona"]
[WhiteFideId "400548"]
[BlackFideId "4001249"]
[WhiteElo "2329"]
[BlackElo "2059"]
[Result "1/2-1/2"]
[Round "11"]
[TimeControl "180+1"]
[Date "2022.04.13"]
[WhiteClock "0:00:15"]
[BlackClock "0:00:13"]

1. e4 e5 2. Nf3 Nc6 3. Bb5 a6 4. Ba4 d6 5. c3 Bd7 6. d4 Nge7 7. O-O Ng6 8. d5 Nb8 9. c4 Be7 10. Nc3 h6 11. Be3 Bg5 12. Rc1 Bxa4 13. Qxa4+ Nd7 14. Nxg5 hxg5 15. c5 Kf8 16. c6 bxc6 17. dxc6 Nf6 18. Bxg5 Rh5 19. Be3 Ng4 20. h3 Qh4 21. Nd5 Rc8 22. Qd1 Nf6 23. Nxf6 gxf6 24. Qf3 Nf4 25. Bxf4 exf4 26. Qg4 Qxg4 27. hxg4 Rh4 28. f3 Ke7 29. Kf2 Rb8 30. b3 a5 31. Rh1 Rxh1 32. Rxh1 a4 33. Rb1 Rb6 34. g3 fxg3+ 35. Kxg3 axb3 36. Rxb3 Rxc6 37. Rb7 Kd7 38. Ra7 Rc1 39. Ra3 Ra1 40. Kf4 Ke6 41. Ra7 c5 42. Ra8 c4 43. Rc8 d5 44. Rc6+ Kd7 45. exd5 Rxa2 46. Rxc4 Ra5 47. Rc6 Rxd5 48. Rxf6 Ke7 49. Rc6 Ra5 50. Rc7+ Kf6 51. Rc6+ Kg7 52. Kg3 Ra4 53. f4 Ra1 54. g5 Rg1+ 55. Kf3 Kg8 56. Ke4 Kg7 57. Kf5 Ra1 58. Rc5 Ra4 59. Rb5 Ra1 60. Rb7 Ra5+ 61. Kg4 Ra4 62. Kg3 Ra1 63. Kh4 Rh1+ 64. Kg4 Rg1+ 65. Kf5 Ra1 66. g6 Ra5+ 67. Kg4 Kxg6 68. Rb6+ f6 69. Rc6 Ra4 70. Rb6 Rc4 71. Ra6 Rb4 1/2-1/2


[Site "https://www.chess.com"]